 Dungeon Crawl Stone Soup version 0.25-a0-1007-g10a8c3caa8 (webtiles) character file.

Game seed: 1073824856651978585, levelgen mode: deterministic

152 Flugslaktarn the Shield-Bearer (level 5, -1/47 HPs)
             Began as a Minotaur Fighter on May 11, 2020.
             Slain by Pikel
             ... wielding a +0 whip of freezing
              (2 damage)
             ... on level 4 of the Dungeon.
             The game lasted 00:01:24 (2217 turns).

Flugslaktarn the Shield-Bearer (Minotaur Fighter)   Turns: 2217, Time: 00:01:24

Health: -1/47      AC:  9    Str: 20    XL:     5   Next: 11%
Magic:  4/4        EV:  5    Int:  5    God:
Gold:   188        SH:  9    Dex: 11    Spells: 4/4 levels left

rFire    . . .     SeeInvis .   a - +0 war axe
rCold    . . .     Gourm    .   c - +0 kite shield
rNeg     . . .     Faith    .   o - +0 chain mail
rPois    .         Spirit   .   (helmet restricted)
rElec    .         Reflect  .   (no cloak)
rCorr    .         Harm     .   (no gloves)
MR       .....                  (no boots)
Stlth    ..........             (no amulet)
HPRegen  0.15/turn              (no ring)
MPRegen  0.09/turn              (no ring)

@: mighty
A: retaliatory headbutt, horns 2
a: no special abilities


You were on level 4 of the Dungeon.
You were not hungry.

You visited 1 branch of the dungeon, and saw 4 of its levels.

You collected 188 gold pieces.

Inventory:

Hand Weapons
 a - a +0 war axe (weapon)
Armour
 c - a +0 kite shield (worn)
 o - a +0 chain mail (worn)
   (You found it on level 1 of the Dungeon)
Scrolls
 b - a scroll of magic mapping {unknown}
 g - 4 scrolls of blinking {unknown}
 m - a scroll of enchant weapon {unknown}
 n - a scroll of teleportation {unknown}
 r - a scroll of identify
Potions
 f - 2 potions of cancellation {unknown}
 h - a potion of degeneration {unknown}
 k - 3 potions of haste {unknown}
 l - 2 potions of ambrosia {unknown}
 p - a potion of invisibility {unknown}
Comestibles
 e - 7 rations
 j - a chunk of flesh


   Skills:
 + Level 4.5 Fighting
 * Level 4.4 Axes
 + Level 4.4 Armour
 + Level 4.5 Shields


You had 4 spell levels left.
You didn't know any spells.
Your spell library was empty.

Dungeon Overview and Level Annotations

Branches:
Dungeon (4/15)
 Temple: D:4-7

Altars:
Sif Muna

Annotations:
D:4 Pikel


Innate Abilities, Weirdness & Mutations

You reflexively headbutt those who attack you in melee.
You have a pair of horns on your head.


Message History

You block Pikel's attack.
You slash Pikel!
Pikel is moderately wounded.
Pikel hits you but does no damage.
You barely miss Pikel.
Pikel is moderately wounded.
You block Pikel's attack. Pikel hits you but does no damage.
You closely miss Pikel. Your headbutt misses Pikel.
Pikel is moderately wounded.
Pikel hits you but does no damage.
You closely miss Pikel.
Pikel is moderately wounded.
You block Pikel's attack. Pikel barely misses you.
Your chain mail prevents you from hitting Pikel.
You headbutt Pikel!
Pikel is heavily wounded.
Pikel hits you with a +0 whip of freezing.
* * * LOW HITPOINT WARNING * * *
Pikel freezes you.
You die...

#### ##...####
#####.......#
...........#
##.######pp.......#
.......@Kp........#
##.###.##w.<......#
... ##.........
###. #......#.# ##
.#.....# ....#.#...
...........#
##.#..#.##..#
.....#.# .#


You could see Pikel, 3 slaves and a worm.

Vanquished Creatures
  Terence (D:2)
  A worker ant (D:3)
  4 adders
  An ooze (D:2)
  2 worms
  A dart slug (D:2)
  2 leopard geckos
  7 bats
  2 giant cockroaches
  5 hobgoblins
  3 jackals (D:3)
  7 kobolds
  3 quokkas
  A ball python (D:2)
  5 frilled lizards
  7 goblins
  5 rats
57 creatures vanquished.

Notes
Turn   | Place    | Note
-------+----------+-------------------------------------------
     0 | D:1      | Flugslaktarn the Minotaur Fighter began the quest for the
                  | Orb.
     0 | D:1      | Reached XP level 1. HP: 19/19 MP: 0/0
   269 | D:1      | Reached XP level 2. HP: 27/27 MP: 1/1
   673 | D:2      | Found a shimmering blue altar of Sif Muna.
   686 | D:2      | Noticed Terence
   702 | D:2      | Killed Terence
   702 | D:2      | Reached XP level 3. HP: 18/33 MP: 2/2
   996 | D:2      | Found a faded altar of an unknown god.
  1009 | D:2      | Reached XP level 4. HP: 40/40 MP: 3/3
  1887 | D:3      | Reached XP level 5. HP: 47/47 MP: 4/4
  2193 | D:4      | Noticed Pikel
  2193 | D:4      | Noticed a slave
  2193 | D:4      | Noticed a slave
  2193 | D:4      | Noticed a slave
  2193 | D:4      | Noticed a slave
  2217 | D:4      | HP: 1/47 [Pikel/+0 whip of freezing (6)]
  2217 | D:4      | Slain by Pikel

Illustrated notes

Levels and vault maps discovered:
D:1:      minmay_arrival_diagonal_passages, layout_basic
D:2:      layout_rooms, nicolae_overflow_hidden_temple,
          chequers_ecumenical_altar_simple_redux, grunt_ministairs_14,
          uniq_terence
D:3:      layout_loops_cross
D:4:      layout_loops_ring, first_ration, gammafunk_ghost_icy, uniq_pikel,
          uniq_edmund

Skill      XL: |  1  2  3  4 |
---------------+-------------+-----
Axes           | 3 4 |  4.4
Fighting       | 4 |  4.5
Armour         | 4 |  4.4
Shields        | 4 |  4.5

Action                   |  1- 3 |  4- 6 || total
-------------------------+-------+-------++-------
Melee: War axe           |    83 |    94 ||   177
       Headbutt          |    16 |    15 ||    31
  Use: Scroll            |     1 |       ||     1
       Potion            |       |     3 ||     3
  Eat: Chunk             |       |     4 ||     4
Armor: Scale mail        |    25 |       ||    25
       Chain mail        |    24 |    53 ||    77
Dodge: Dodged            |    26 |    26 ||    52
Block: Kite shield       |    45 |    62 ||   107

Table legend:
 A = Non-vault XP
 B = Vault XP
 C = Vault XP percentage of total XP
 D = Non-vault monster count
 E = Vault monster count
 F = Vault count percentage of total count
                 A         B        C        D         E       F
            +---------+---------+-------+---------+---------+-------
      Total |     179 |      39 |  17.9 |      54 |       3 |   5.3
            +---------+---------+-------+---------+---------+-------
        D:1 |      24 |       0 |   0.0 |      16 |       0 |   0.0
        D:2 |      82 |      39 |  32.2 |      23 |       3 |  11.5
        D:3 |      70 |       0 |   0.0 |      14 |       0 |   0.0
        D:4 |       3 |       0 |   0.0 |       1 |       0 |   0.0
            +---------+---------+-------+---------+---------+-------
